 Dungeon Sprint DCSS version 0.30-a0-54-g2e61a25929 (webtiles) character file.

Game seed: 8358140793187055436

1354 Ankalagon the Basher (level 8, -1/46 HPs)
             Began as a Gargoyle Fighter on Sept 8, 2022.
             Was an Initiate of Gozag.
             Slain by a polar bear (2 damage)
             ... in the Dungeon (Sprint II: "The Violet Keep of Menkaure").
             The game lasted 00:04:08 (831 turns).

Ankalagon the Basher (Gargoyle Fighter)              Turns: 831, Time: 00:04:09

Health: -1/46      AC: 20    Str: 19    XL:     8   Next: 63%
Magic:  8/8        EV:  9    Int: 10    God:    Gozag
Gold:   106        SH:  7    Dex: 11    Spells: 7/7 levels left

rFire   + . .      SeeInvis .    a - +0 flail
rCold   . . .      Faith    .    c - +0 buckler
rNeg    + . .      Spirit   .    f - +2 plate armour {rF+}
rPois   ∞          Reflect  .    (no helmet)
rElec   +          Harm     .    b - +0 cloak
rCorr   .          Rampage  .    (no gloves)
Will    .....      NoTele   +    (no boots)
Stlth   ..........               (no amulet)
HPRegen 0.15/turn                d - +4 ring of evasion
MPRegen 0.11/turn                (no ring)

@: gold aura, studying Short Blades
A: sickness immunity, AC +5, negative energy resistance 1, electricity
resistance, torment resistance 1, petrification resistance
a: Renounce Religion, Potion Petition, Call Merchant, Bribe Branch


You were in the Dungeon.
You worshipped Gozag.
Gozag was aware of your devotion.
You visited 1 branch You collected 1179 gold pieces.
You spent 1073 gold pieces at shops.

Inventory:

Hand Weapons
 a - a +0 flail (weapon)
Armour
 b - a +0 cloak (worn)
 c - a +0 buckler (worn)
 f - a +2 plate armour of fire resistance (worn)
Jewellery
 d - a +4 ring of evasion (left hand)
Scrolls
 j - a scroll of blinking
Potions
 e - a potion of curing
 g - a potion of haste
 h - 2 potions of magic
 i - a potion of mutation


   Skills:
 - Level 3.2 Fighting
 - Level 14.1 Maces & Flails
 - Level 3.2 Armour
 + Level 13.7 Shields


You had 7 spell levels left.
You didn't know any spells.
Your spell library was empty.

Dungeon Overview and Level Annotations

Branches:
Dungeon (1/1)

Altars:
Cheibriados
Dithmenos
Elyvilon
Fedhas
Gozag
Hepliaklqana
Kikubaaqudgha
Makhleb
Nemelex Xobeh
Okawaru
Qazlal
Ru
Sif Muna
Trog
Uskayaw
Vehumet
Wu Jian
Xom
Yredelemnul
Zin
The Shining One
Jiyva
Lugonu

Shops:
D !?:*[=*:!([[(=(

Annotations:
D exclusions: 2 doors, ice statue and oklob plant


Innate Abilities, Weirdness & Mutations

You are immune to sickness and miasma.
Your stone body is resilient. (AC +5)
You are immune to poison.
You resist negative energy. (rN+)
You are resistant to electric shocks. (rElec)
You are resistant to unholy torment.
You are immune to petrification.


Message History

You hit the polar bear but do no damage.
The polar bear is moderately wounded.
You block the polar bear's attack.
The polar bear claws you but does no damage.
You block the polar bear's attack.
You hit the polar bear.
The polar bear is moderately wounded.
The polar bear bites you but does no damage.
You block the polar bear's attack.
The polar bear claws you but does no damage.
You are too injured to fight recklessly!
You barely miss the polar bear.
The polar bear is moderately wounded.
You are too injured to fight recklessly!
You are too injured to fight recklessly!
You sock the polar bear!
The polar bear is heavily wounded.
You block the polar bear's attack.
The polar bear claws you but does no damage.
You block the polar bear's attack.
You barely miss the polar bear.
The polar bear is heavily wounded.
The polar bear bites you but does no damage.
The polar bear claws you but does no damage.
You block the polar bear's attack.
You closely miss the polar bear.
The polar bear is heavily wounded.
You hit the polar bear but do no damage.
The polar bear is heavily wounded.
The polar bear bites you!
* * * LOW HITPOINT WARNING * * *
The polar bear claws you but does no damage. x2
You hit the polar bear but do no damage.
The polar bear is heavily wounded.
The polar bear bites you!
* * * LOW HITPOINT WARNING * * *
The polar bear claws you but does no damage.
The polar bear claws you.
You die...
Your body crumbles into a pile of gold. $ $ #~## ≈SSS

##########~~#+++#+++##
#########~~~.........#
........#~~~~.##'##..#$
....⌠...#~~~~##...##h#### .###
.....∩..#~~~~#..#..#.y..# $ ...#
..∩.∩.∩.#~~####.#.####..## #..#
.∩.∩.∩.∩#~##.###h## .##..#$ +..#
∩.∩..[∩.#~#...##@##B.$#..# $#..#
.∩.....∩'~'.#)'.<.+# +..### ..##
∩.......#~#...##.##B..#.y..###.y.
▓▓▓▓▓▓###~##.###'# .##.....y~~~~
[ll######~~####..#####~~..§..~#'#
$Zl#l$ ##~~~#..##.#~~~~~~~..~#..
∩PZ+(.#+ #'#~##.#.##~§§§§~~§.~#._
$..#$##z #.#~~##'##~~§§§≈~~~~~#_.
?.$###z. ####~~~~~~~~~§≈§≈≈~~~#._


You could see a polar bear.

Vanquished Creatures
  A merfolk siren (D)
  A polar bear (D)
  A hornet (D)
  A blink frog (D)
  Menkaure (D)
  A water moccasin (D)
  4 necrophages (D)
  3 worms (D)
13 creatures vanquished.

Notes
Turn   | Place    | Note
-------+----------+-------------------------------------------
     0 | D        | Ankalagon the Gargoyle Fighter began the quest for the Orb.
     0 | D        | Reached XP level 1. HP: 14/14 MP: 1/1
     8 | D        | Reached skill level 3 in Maces & Flails
    15 | D        | Reached XP level 2. HP: 9/19 MP: 2/2
   181 | D        | Noticed an ice statue
   188 | D        | Reached skill level 4 in Maces & Flails
   195 | D        | Found an ornate altar of the Wu Jian Council.
   196 | D        | Found a hazy altar of Hepliaklqana.
   196 | D        | Found a stormy altar of Qazlal.
   196 | D        | Found a sacrificial altar of Ru.
   196 | D        | Found a shimmering altar of Xom.
   196 | D        | Found a glowing golden altar of the Shining One.
   197 | D        | Found a viscous altar of Jiyva.
   197 | D        | Found a shimmering blue altar of Sif Muna.
   198 | D        | Found a snail-covered altar of Cheibriados.
   198 | D        | Found an ancient bone altar of Kikubaaqudgha.
   198 | D        | Found a bloodstained altar of Trog.
   199 | D        | Found a shadowy altar of Dithmenos.
   199 | D        | Found a corrupted altar of Lugonu.
   200 | D        | Found a white marble altar of Elyvilon.
   200 | D        | Found a burning altar of Makhleb.
   201 | D        | Found a blossoming altar of Fedhas.
   203 | D        | Found an opulent altar of Gozag.
   203 | D        | Found a basalt altar of Yredelemnul.
   203 | D        | Found a hide-covered altar of Uskayaw.
   203 | D        | Found a sparkling altar of Nemelex Xobeh.
   204 | D        | Found a glowing silver altar of Zin.
   204 | D        | Found a radiant altar of Vehumet.
   204 | D        | Found an iron altar of Okawaru.
   206 | D        | Noticed a water moccasin
   206 | D        | Noticed a water moccasin
   210 | D        | Noticed a water moccasin
   210 | D        | Noticed a flying skull
   210 | D        | Noticed a flying skull
   213 | D        | Became a worshipper of Gozag Ym Sagoz the Greedy
   245 | D        | Noticed a boulder beetle
   245 | D        | Noticed a boulder beetle
   248 | D        | Noticed a necrophage
   248 | D        | Noticed a necrophage
   248 | D        | Noticed a necrophage
   248 | D        | Noticed a necrophage
   258 | D        | Killed a necrophage
   259 | D        | Reached skill level 6 in Maces & Flails
   259 | D        | Reached skill level 5 in Shields
   259 | D        | Reached XP level 3. HP: 15/23 MP: 3/3
   259 | D        | Reached XP level 4. HP: 18/28 MP: 4/4
   261 | D        | Killed a necrophage
   262 | D        | Reached skill level 8 in Maces & Flails
   262 | D        | Reached XP level 5. HP: 21/32 MP: 5/5
   267 | D        | Reached skill level 9 in Maces & Flails
   274 | D        | Reached skill level 10 in Maces & Flails
   274 | D        | Reached XP level 6. HP: 11/37 MP: 6/6
   328 | D        | Noticed a water moccasin
   338 | D        | Killed a water moccasin
   385 | D        | Noticed a merfolk siren
   393 | D        | Killed a merfolk siren
   394 | D        | Reached skill level 13 in Maces & Flails
   394 | D        | Reached skill level 10 in Shields
   394 | D        | Reached XP level 7. HP: 17/41 MP: 7/7
   399 | D        | Found Otoudu's Weapon Shoppe.
   399 | D        | Found Wurghol's Jewellery Shoppe.
   399 | D        | Found Atoacad's Antique Armour Emporium.
   399 | D        | Found Ablouk's Armour Emporium.
   399 | D        | Found Zifom's Distillery.
   399 | D        | Found Afytzexky's Antique Weapon Shoppe.
   400 | D        | Found Huku Viech's Book Shoppe.
   401 | D        | Found Acliot's Assorted Antiques.
   401 | D        | Found Pouw's Antique Weapon Emporium.
   401 | D        | Found Zamisicw's Jewellery Emporium.
   401 | D        | Noticed Menkaure
   414 | D        | Killed Menkaure
   422 | D        | Found Vofo's Antique Armour Shoppe.
   422 | D        | Found Qupi's Assorted Antiques.
   422 | D        | Noticed an oklob plant
   423 | D        | Found Qoawint's Magic Scroll Shoppe.
   423 | D        | Found Ygeure's Distillery.
   423 | D        | Found Jevaoleg's Book Shoppe.
   424 | D        | Noticed a wyvern
   424 | D        | Noticed a wyvern
   424 | D        | Noticed a wyvern
   426 | D        | Bought a +4 ring of evasion for 360 gold pieces
   433 | D        | Noticed a blink frog
   450 | D        | Killed a blink frog
   451 | D        | Reached skill level 14 in Maces & Flails
   451 | D        | Reached XP level 8. HP: 13/46 MP: 8/8
   689 | D        | Bought a runed plate armour for 572 gold pieces
   703 | D        | Bought a +0 cloak for 45 gold pieces
   710 | D        | Bought a potion of mutation for 96 gold pieces
   710 | D        | Noticed a wyvern
   710 | D        | Noticed a wyvern
   713 | D        | Noticed a flying skull
   713 | D        | Noticed a flying skull
   751 | D        | Noticed a polar bear
   752 | D        | Noticed a polar bear
   753 | D        | Noticed a hornet
   792 | D        | Killed a polar bear
   810 | D        | Killed a hornet
   831 | D        | HP: 1/46 [polar bear (10)]
   831 | D        | Slain by a polar bear

Illustrated notes

Levels and vault maps discovered:
D:        the_violet_keep_of_menkaure [sprint2_stairs_cluster_1,
          sprint2_shoproom, sprint2_temple, sprint2_basic_supplies,
          sprint2_obstacle_2, sprint2_obstacle_3, sprint2_obstacle_7,
          sprint2_obstacle_1, sprint2_obstacle_4, sprint2_timed_cluster_1,
          sprint2_smallroom_cluster_1, sprint2_smallroom_final_cluster_1,
          sprint2_transparent_cluster_1, sprint2_second_timed_cluster_1,
          sprint2_sniper_area_1, sprint2_heavy_combat_area_1,
          sprint2_mutation_trap_area_1, sprint2_forest_area_1,
          sprint2_light_combat_area_1, sprint2_behind_water_1,
          sprint2_near_end_vault_1]

Skill      XL: |  1  2  3  4  5  6  7  8 |
---------------+-------------------------+-----
Maces & Flails | 3 6 8 10 13 14 | 14.1
Shields        | 4 5 7 8 10 11 13 | 13.7
Fighting       | |  3.2
Armour         | |  3.2

Action                   |  1- 3 |  4- 6 |  7- 9 || total
-------------------------+-------+-------+-------++-------
Melee: Flail             |    22 |    28 |    70 ||   120
  Use: Potion            |     1 |     2 |       ||     3
Armor: Scale mail        |     9 |     1 |     1 ||    11
       Plate armour      |       |       |    40 ||    40
Dodge: Dodged            |     4 |     3 |    32 ||    39
Block: Buckler           |     4 |     9 |    28 ||    41

Table legend: (Time is in decaauts)
 A = Elapsed time spent in this place.
 B = Non-inter-level travel time spent in this place.
 C = Inter-level travel time spent in this place.
 D = Time resting spent in this place.
 E = Time spent auto-exploring this place.
 F = Levels seen in this place.
 G = Mean time per level.
                   A        B        C        D        E       F      G
               +--------+--------+--------+--------+--------+-----+--------+
         Total |    853 |    853 |      0 |    458 |      0 |   1 |  853.0 |
       Dungeon |    853 |    853 |      0 |    458 |      0 |   1 |  853.0 |
               +--------+--------+--------+--------+--------+-----+--------+

Top non-repeatable levels by time:
       D: 853 daAuts
